 Dungeon Crawl Stone Soup version 0.29.0-4-gdea44cf6ec (webtiles) character file.

Game seed: 7313983357457415725

65 Axelsxxd the Insei (level 4, -1/30 HPs)
             Began as an Octopode Transmuter on Aug 27, 2022.
             Slain by an adder (3 damage)
             ... on level 3 of the Dungeon.
             The game lasted 00:03:24 (2807 turns).

Axelsxxd the Insei (Octopode Transmuter)            Turns: 2807, Time: 00:03:24

Health: -1/30      AC:  1    Str: 11    XL:     4   Next: 13%
Magic:  4/7        EV: 13    Int: 15    God:
Gold:   115        SH:  0    Dex: 12    Spells: 4/7 levels left

rFire   . . .      SeeInvis .     - Unarmed
rCold   . . .      Faith    .   (no shield)
rNeg    . . .      Spirit   .   (helmet currently unavailable)
rPois   .          Reflect  .   (no amulet)
rElec   .          Harm     .   h - ring of wizardry
rCorr   .          Rampage  .   (no ring)
Will    .....                   (no ring)
Stlth   ++........              (no ring)
HPRegen 0.10/turn               (no ring)
MPRegen 0.10/turn               (no ring)
                                (no ring)
                                (no ring)

@: lethally poisoned (-1 -> -7), appendages, wereblooded
A: tentacle spike 3, almost no armour, amphibious, 8 rings, camouflage 1,
gelatinous body 1, (nimble swimmer 1), tentacles
a: End Transformation


You were on level 3 of the Dungeon.
One of your tentacles had grown a beastly spike.
You visited 1 branch of the dungeon, and saw 3 of its levels.

You collected 115 gold pieces.

Inventory:

Jewellery
 h - a ring of wizardry (left tentacle)
Scrolls
 d - a scroll of blinking {unknown}
 j - a scroll of poison {unknown}
 l - a scroll of identify {unknown}
Potions
 a - a potion of lignification
 b - 2 potions of curing {unknown}
 c - a potion of heal wounds {unknown}
 e - a potion of might {unknown}
 f - a potion of mutation {unknown}
 g - a potion of resistance {unknown}
 i - a potion of magic {unknown}
 k - a potion of attraction {unknown}


   Skills:
 * Level 2.3 Fighting
 + Level 2.4 Dodging
 + Level 3.3 Unarmed Combat
 + Level 2.4 Spellcasting
 + Level 2.4 Transmutations


You had 4 spell levels left.
You knew the following spells:

 Your Spells              Type           Power      Damage    Failure   Level
a - Beastly Appendage     Tmut           18%        N/A       3%          1
b - Wereblood             Tmut           9%         N/A       4%          2

Your spell library contained the following spells:

 Spells                   Type           Power      Damage    Failure   Level
 Spider Form              Tmut/Pois      5%         N/A       16%         3
 Summon Guardian Golem    Hex/Summ       1%         N/A       26%         3
 Ice Form                 Ice/Tmut       5%         N/A       45%         4
 Orb of Destruction       Conj           0%         9d5       100%        7
 Spellforged Servitor     Conj/Summ      0%         N/A       100%        7


Dungeon Overview and Level Annotations

Branches:
Dungeon (3/15)

Altars:

Shops:
D:2 =


Innate Abilities, Weirdness & Mutations

One of your tentacles has grown a beastly spike.
You cannot wear most types of armour.
You are amphibious.
You can wear up to eight rings at the same time.
Your skin changes colour to match your surroundings (Stealth+).
Your rubbery body absorbs attacks. (AC +1, EV +1)
((You are camouflaged when in or above water. (Stealth+)))
You have tentacles for arms and can constrict up to eight enemies at once.


Message History

One of your tentacles grows a vicious spike.
The adder hisses angrily.
An adder comes into view.
An adder and a phantom come into view.
Found a scroll labelled RYWYBBECLE.
The adder attacks as you move away! The adder bites you. The adder misses you.
The adder attacks as you move away! The adder bites you.
You are poisoned.
The adder poisons you!
You feel sick.
Casting: Beastly Appendage (safe; 3% risk of failure)
Confirm with . or Enter, or press ? or * to list all spells.
Your blood is infused with primal strength.
You feel sick. The adder bites you.
You feel sick. The adder bites you.
You are more poisoned.
The adder poisons you!
You tentacle-slap the adder. Your grab misses the adder.
Your tentacle spike misses the adder.
You squeeze the adder.
The adder is almost dead.
You feel sick. The adder bites you.
* * * LOW HITPOINT WARNING * * *
You are lethally poisoned!
The adder poisons you!
You tentacle-slap the adder.
You feel a bit better.
You kill the adder!
* * * LOW HITPOINT WARNING * * *
You feel sick. The adder misses you.
You have reached level 4!
You miss the adder. Your grab misses the adder.
You pierce the adder, but do no damage.
Your squeeze misses the adder.
* * * LOW HITPOINT WARNING * * *
You feel sick. The adder bites you.
* * * LOW HITPOINT WARNING * * *
You miss the adder. You grab the adder.
You pierce the adder.
The adder is moderately wounded.
You constrict the adder.
* * * LOW HITPOINT WARNING * * *
You feel sick. The adder bites you.
You die...

#.# #.# #+# #.# ..
#.# ....# .# #.#
##....###?.. #.#
#...W....... #.#
#.#......... #.#
#.#......... #.#
#@#...S..... #.#.
#S##........
#.#.#####...........
#.#.#...............
#.#..............###
#.##.....###.....#
#.##.....# #.....#
#>##.....# #.....#
###.##.....# #######


You could see an adder.

Vanquished Creatures
  2 adders
  A worm (D:2)
  2 dart slugs
  2 bats (D:2)
  10 endoplasms
  2 giant cockroaches
  3 goblins
  3 hobgoblins
  3 quokkas (D:1)
  A ball python (D:1)
  4 kobolds (D:1)
  A rat (D:1)
34 creatures vanquished.

Notes
Turn   | Place    | Note
-------+----------+-------------------------------------------
     0 | D:1      | Axelsxxd the Octopode Transmuter began the quest for the
                  | Orb.
     0 | D:1      | Reached XP level 1. HP: 13/13 MP: 3/3
   263 | D:1      | Reached XP level 2. HP: 14/18 MP: 3/5
   511 | D:1      | Found a faded altar of an unknown god.
   525 | D:1      | Learned a level 2 spell: Wereblood
  1478 | D:1      | Reached XP level 3. HP: 24/24 MP: 4/6
  2091 | D:2      | Found Arias's Jewellery Emporium.
  2797 | D:3      | Noticed a phantom
  2806 | D:3      | Reached XP level 4. HP: 8/30 MP: 4/7
  2807 | D:3      | Slain by an adder

Illustrated notes

Levels and vault maps discovered:
D:1:      giann_horns, layout_loops_ring, hellmonk_ecumenical_altar_run_dry,
          grunt_decor_junction
D:2:      wander_river, layout_basic, serial_shops, shop_statue, minivault_26,
          due_unseen_surprise
D:3:      layout_basic, serial_rivers, chequers_serial_rivers_micro_d,
          chequers_serial_rivers_micro_e, chequers_serial_rivers_small_3,
          chequers_serial_rivers_micro_b, uniq_terence

Skill      XL: |  1  2  3 |
---------------+----------+-----
Fighting       | 2 |  2.3
Dodging        | |  2.4
Unarmed Combat | |  3.3
Spellcasting   | |  2.4
Transmutations | |  2.4

Action                   |  1- 3 |  4- 6 || total
-------------------------+-------+-------++-------
Melee: Unarmed           |    73 |     2 ||    75
       Kick              |    18 |     2 ||    20
       Constrict         |    14 |     1 ||    15
       Tentacles         |    12 |       ||    12
       Punch             |     3 |       ||     3
 Cast: Beastly Appendage |    24 |       ||    24
       Wereblood         |     1 |       ||     1
 Stab: Sleeping          |     4 |       ||     4
Armor: Skin              |     4 |       ||     4
Dodge: Dodged            |    34 |       ||    34
